Cogmind - Beta 13 X2 @@@ ROGUE MODE // 2024.01.28 @ 19:08:11 Player: Boris Result: Self-destructed Performance ------------- Evolutions (4) 2000 Regions Visited (17) 3400 Robots Destroyed (266) 1330 Value Destroyed (8294) 8294 Prototype IDs (54) 1080 Alien Tech Used (0) 0 Bonus (1989) 1989 TOTAL SCORE: 18093 Bonus ------- High Alert Combat Kills 1384 Follower Combat Kills 531 Entered Garrisons 200 Used RIF Installer 500 Aligned with FarCom 300 Friendly Fire -926 Cogmind --------- Core Integrity 564/850 Matter 300/300 Energy 197/310 System Corruption 0% Temperature Cool (0) Movement Hovering (58) Location -6/Factory Parts ------- > --- POWER (1) -------- Heavy Deuterium Engine > --- PROPULSION (6) --- Combat Airjet Combat Airjet Combat Airjet Gravmag Array Improved Antigrav System > --- UTILITY (5) ------ High-capacity Storage Unit Improved Armor Integrity Analyzer Advanced ECM Suite Hacking Suite System Shield > --- WEAPON (3) ------- Cooled Particle Cannon Remote Datajack Heavy Flail > --- INVENTORY (20) --- Combat Airjet Combat Airjet Combat Airjet Advanced Heat Sink Structural Scanner Advanced Signal Interpreter Precision Energy Filter Advanced Particle Charger Quantum Capacitor Advanced Weapon Cycler Advanced Transmission Jammer Improved Powered Armor Advanced Force Field Advanced Component Analysis Suite System Purifier Hypervelocity Railgun 8R-AWN's Boregun 8R-AWN's Boregun Heavy Rocket Launcher Peak State ------------ > --- POWER ------------ Heavy Deuterium Engine > --- PROPULSION ------- Combat Airjet Combat Airjet Combat Airjet Combat Airjet Combat Airjet Improved Antigrav System > --- UTILITY ---------- High-capacity Storage Unit Improved Armor Integrity Analyzer Advanced Weapon Cycler Hacking Suite System Shield > --- WEAPON ----------- Hypervelocity Railgun 8R-AWN's Boregun 8R-AWN's Boregun > --- INVENTORY -------- Improved Hover Unit Combat Airjet Advanced Heat Sink Structural Scanner Advanced Signal Interpreter Precision Energy Filter Advanced Particle Charger Advanced Transmission Jammer Advanced ECM Suite Advanced ECM Suite Improved Reaction Control System Improved Powered Armor Advanced Force Field Advanced Component Analysis Suite System Restoration Module System Purifier Cooled Particle Cannon Heavy Rocket Launcher Remote Datajack Heavy Flail [Rating: 97] Favorites ----------- Power Heavy Ion Engine Engine Heavy Ion Engine Reactor Cold Fusion Reactor Propulsion Light Treads Treads Light Treads Wheel Wheel Hover Unit Combat Airjet Flight Unit Improved Flight Unit Utility High-capacity Storage Unit Device Improved Heat Sink Storage High-capacity Storage Unit Processor Improved Armor Integrity Analyzer Hackware Hacking Suite Protection Light Armor Plating Weapon Heavy EM Shotgun Energy Gun Heavy EM Shotgun Energy Cannon Cooled Particle Cannon Ballistic Gun Heavy Assault Rifle Launcher Mini Grenade Launcher Special Weapon Remote Datajack Impact Weapon Heavy Flail Slashing Weapon Makeshift Sword Special Melee Weapon Improved Datajack Build | -11 -10 -10 -9 -9 -9 -8 -8 -8 -8 -7 -7 -7 -7 -7 -6 -6 -6 ------- Run | Yrd Mat Min Mat Min Exi Min Mat Sto Gar Fac Was Fac Low Low Fac Was Fac Slots Evolved 8 | . . . 2 . . . 2 . . 2 . . . . 2 . . Power . | . . . . . . . . . . . . . . . . . . Propulsion 4 | . . . 1 . . . . . . 2 . . . . 1 . . Utility 3 | . . . . . . . 2 . . . . . . . 1 . . Weapon 1 | . . . 1 . . . . . . . . . . . . . . Parts Attached 256 | 6 11 8 26 8 22 2 28 33 22 8 4 10 13 . 35 9 11 Power 11 | 1 1 1 1 . 2 . 1 1 . 1 . . . . 2 . . Engine 10 | 1 1 1 1 . 1 . 1 1 . 1 . . . . 2 . . Core . | . . . . . . . . . . . . . . . . . . Reactor 1 | . . . . . 1 . . . . . . . . . . . . Propulsion 52 | 2 1 3 9 2 3 . 6 6 9 2 . 4 . . 2 2 1 Treads 34 | 2 1 3 8 2 3 . 6 5 4 . . . . . . . . Leg . | . . . . . . . . . . . . . . . . . . Wheel 1 | . . . . . . . . 1 . . . . . . . . . Hover 16 | . . . . . . . . . 5 2 . 4 . . 2 2 1 Flight 1 | . . . 1 . . . . . . . . . . . . . . Utility 62 | 1 3 1 3 1 5 . 9 4 5 2 1 3 4 . 13 1 6 Device 40 | . . 1 1 . 5 . 4 4 4 2 . 1 2 . 9 1 6 Storage 3 | 1 1 . . . . . . . . . . 1 . . . . . Processor 2 | . . . 1 . . . . . . . 1 . . . . . . Hackware 6 | . . . . . . . 2 . 1 . . . . . 3 . . Protection 11 | . 2 . 1 1 . . 3 . . . . 1 2 . 1 . . Artifact . | . . . . . . . . . . . . . . . . . . Weapon 131 | 2 6 3 13 5 12 2 12 22 8 3 3 3 9 . 18 6 4 Energy Gun 34 | 1 5 3 4 . . . 5 12 4 . . . . . . . . Energy Cannon 9 | . . . 1 . . . . 1 . . 1 1 . . 4 1 . Ballistic Gun 51 | 1 . . 7 1 10 1 5 4 2 2 1 . 3 . 9 3 2 Ballistic Cannon . | . . . . . . . . . . . . . . . . . . Launcher 11 | . 1 . 1 2 1 1 1 1 . . . 2 1 . . . . Special Weapon 3 | . . . . . . . . . . . . . . . 1 1 1 Impact Weapon 19 | . . . . . . . 1 4 2 1 1 . 4 . 4 1 1 Slashing Weapon 2 | . . . . . 1 . . . . . . . 1 . . . . Piercing Weapon . | . . . . . . . . . . . . . . . . . . Special Melee Weapon 2 | . . . . 2 . . . . . . . . . . . . . Unidentified Prototypes 8 | . 1 . 2 . . . 1 2 . . . 1 . . 1 . . Corrupted Parts 10 | . . 3 1 . 2 . . . 4 . . . . . . . . System Corruption 42 | . . 12 10 . 9 . . . 11 . . . . . . . . Parts Lost 13 | . . . 4 1 2 . 2 . 2 . . . . . 2 . . Power 2 | . . . . . 1 . . . . . . . . . 1 . . Propulsion 5 | . . . 2 . . . 2 . 1 . . . . . . . . Utility 2 | . . . . 1 1 . . . . . . . . . . . . Weapon 4 | . . . 2 . . . . . 1 . . . . . 1 . . Highest Loss Streak 4 | . . . 4 1 1 . 1 . 1 . . . . . 2 . . To Critical Strikes 2 | . . . 1 . 1 . . . . . . . . . . . . Average Slot Usage (%) 95 | . 96 99 99 86 87 100 99 98 99 89 92 90 84 100 95 94 93 Engine 8 | . 14 13 11 11 4 . 3 9 9 7 7 7 7 7 6 6 6 Reactor 1 | . . . . . 3 11 5 . . . . . . . . . . Treads 22 | . 28 27 32 33 33 33 27 25 24 . . . . . . . . Hover 8 | . . . . . . . . . 2 37 38 37 38 38 38 40 33 Device 4 | . . . 6 . 6 11 7 9 8 5 . . . 7 3 6 6 Storage 10 | . 14 14 11 11 11 11 9 9 9 7 7 7 7 7 6 6 6 Processor 1 | . . . 4 . . . . . . . 7 7 7 7 6 6 6 Hackware 7 | . . . . . . . 17 18 18 15 15 12 7 7 14 13 13 Protection 3 | . 10 13 . 11 2 . 1 . . . . 1 5 . . . . Energy Gun 12 | . 25 28 12 . . . 11 21 25 2 . . . . . . . Energy Cannon 1 | . . . 3 . . . . . . . 2 5 . . 1 1 6 Ballistic Gun 8 | . 2 . 16 13 18 32 14 3 . 8 9 . 2 7 7 9 . Impact Weapon 1 | . . . . . . . . 2 1 3 2 6 4 7 5 2 5 Naked Turns . | . . . . . . . . . . . . . . . . . . Heaviest Build 71 | 11 54 54 62 62 65 62 63 61 65 61 60 61 62 56 71 71 71 Greatest Support 72 | 40 40 40 62 65 64 64 64 62 62 60 60 60 60 60 72 72 68 Greatest Overweight (x) 5 | . 1 2 1 . 1 . 1 5 5 1 . 1 1 . 1 . 1 Average Overweight (x) . | . . 1 . . . . . . . . . . . . . . . Largest Inventory Capacity 20 | 8 20 20 20 20 20 20 20 20 20 20 20 20 20 20 20 20 20 Average Capacity 19 | 6 16 20 20 20 20 20 20 20 20 20 20 20 20 20 20 20 20 Most Carried 20 | 3 14 17 20 20 20 20 20 20 20 20 20 20 20 19 20 20 20 Average Carried 18 | 1 9 16 19 19 17 20 19 19 19 18 19 19 19 19 19 19 19 Final Capacity 20 | 8 20 20 20 20 20 20 20 20 20 20 20 20 20 20 20 20 20 Final Carried 20 | 3 14 17 19 20 20 20 19 20 20 20 20 20 19 19 20 20 20 Class Distribution -------------------- 25% | Scavenger-Gunner 25% | Mutant 24% | Scavenger-Mutant 11% | Gunner 5% | Scavenger-Skirmisher 3% | Trapper-Mutant 3% | Scavenger-Tank Dominant Class ---------------- Mutant | -10/Materials Mutant | -10/Mines Gunner | -9/Materials Mutant | -9/Mines Gunner | -9/Exiles Gunner | -8/Mines Scavenger-Gunner | -8/Materials Scavenger-Gunner | -8/Storage Scavenger-Gunner | -8/Garrison Scavenger-Mutant | -7/Factory Scavenger-Mutant | -7/Waste Scavenger-Mutant | -7/Factory Scavenger-Mutant | -7/Lower Caves Scavenger-Mutant | -7/Lower Caves Scavenger-Mutant | -6/Factory Scavenger-Mutant | -6/Waste Scavenger-Mutant | -6/Factory Resources | -11 -10 -10 -9 -9 -9 -8 -8 -8 -8 -7 -7 -7 -7 -7 -6 -6 -6 ----------- Run | Yrd Mat Min Mat Min Exi Min Mat Sto Gar Fac Was Fac Low Low Fac Was Fac Matter Collected 6069 | 220 198 73 639 505 865 70 783 509 322 188 240 130 258 . 804 64 201 Remotely . | . . . . . . . . . . . . . . . . . . Salvage Created 13493 | . 704 301 1893 268 650 17 1577 2057 1709 188 1769 398 350 . 1159 350 103 Parts 672 | . 45 12 106 19 81 6 81 110 74 10 41 14 10 . 53 5 5 Haulers Intercepted 20 | . 2 . 4 . . . 2 5 . 2 . 2 1 . 2 . . Recyclers Shooed 5 | . . . 2 1 . . . . . 2 . . . . . . . Parts Field Recycled . | . . . . . . . . . . . . . . . . . . Retrieved Matter . | . . . . . . . . . . . . . . . . . . Parts Self-Destructed 12 | . . . . . . . . . . . . . 12 . . . . Prevented . | . . . . . . . . . . . . . . . . . . Kills | -11 -10 -10 -9 -9 -9 -8 -8 -8 -8 -7 -7 -7 -7 -7 -6 -6 -6 ------- Run | Yrd Mat Min Mat Min Exi Min Mat Sto Gar Fac Was Fac Low Low Fac Was Fac Combat Hostiles Destroyed 172 | . 13 4 28 11 8 3 27 28 22 1 6 4 4 . 12 . 1 Melee 5 | . . . . . 1 . 1 . . . . 1 . . 2 . . Guns 122 | . 8 3 20 6 3 . 22 25 16 1 6 . 4 . 7 . 1 Cannons 3 | . . . 2 . . . . . . . . . . . 1 . . AOE 32 | . 4 . 5 5 4 3 3 2 4 . . 2 . . . . . Classes Destroyed 21 | . 8 . 2 3 3 . 1 . 1 . 1 1 . . 1 . . Worker 17 | . 2 1 2 2 . . 3 2 . . . 2 . . 3 . . Builder 8 | . . . . 1 . . 1 3 . . . . . . 3 . . Tunneler 8 | . 1 . 3 1 . . . . . 1 . 1 . . 1 . . Hauler 20 | . 2 . 4 . . . 2 5 . 2 . 2 1 . 2 . . Recycler 12 | . 1 1 3 . . . 3 4 . . . . . . . . . Mechanic 1 | . . . . . . . . . . . . 1 . . . . . Operator 5 | . 1 . 1 . . . 2 . . . . . . . 1 . . Turret 1 | . . . . . 1 . . . . . . . . . . . . Watcher 14 | . 2 . 5 . . . 2 2 . . . 1 . . 1 . 1 Swarmer 25 | . 3 . 4 3 . 3 7 3 . . . 2 . . . . . Grunt 90 | . 10 4 14 5 . . 13 14 14 1 . 2 4 . 9 . . Brawler 1 | . . . . 1 . . . . . . . . . . . . . Duelist 2 | . . . 1 1 . . . . . . . . . . . . . Protector 1 | . . . . . . . . . 1 . . . . . . . . Sentry 32 | . . . 9 . . . 5 11 5 . . . . . 1 . 1 Demolisher 2 | . . . . 1 . . . . 1 . . . . . . . . Hunter 4 | . . . . . . . 2 . 1 . . . . . 1 . . Programmer 1 | . . . . . . . . . . . . . . . 1 . . Compactor 6 | . . . . . . . . . . . 6 . . . . . . Zionite 8 | . . . . . 8 . . . . . . . . . . . . Assembled 7 | . . . . . 7 . . . . . . . . . . . . Surgeon 2 | . . . . . . . . . . . . 2 . . . . . Thug 1 | . . . . . . . . . 1 . . . . . . . . Martyr 2 | . . . . . . . . . . . 2 . . . . . . Best Kill Streak 8 | . 6 2 7 5 7 3 8 7 5 1 5 3 4 . 5 . 1 Combat Bots Only 7 | . 5 2 6 3 7 3 4 5 5 1 5 2 4 . 5 . 1 Max Kills in Single Turn 3 | . 3 2 2 2 3 2 3 2 3 1 2 2 2 . 2 . 1 Gunslinging 1 | . 1 1 1 . . . . 1 1 . . . . . . . . Exploded 3 | . 2 . 1 1 3 2 3 1 2 . . 2 . . . . . Melee 1 | . . . . . 1 . 1 . . . . 1 . . 1 . . Uniques/NPCs Destroyed 4 | . . . . . 4 . . . . . . . . . . . . 8R-AWN (-9/Exiles) EX-DEC (-9/Exiles) EX-BIN (-9/Exiles) EX-HEX (-9/Exiles) Combat | -11 -10 -10 -9 -9 -9 -8 -8 -8 -8 -7 -7 -7 -7 -7 -6 -6 -6 -------- Run | Yrd Mat Min Mat Min Exi Min Mat Sto Gar Fac Was Fac Low Low Fac Was Fac Hostile Shots Fired 748 | . 43 11 100 29 78 6 101 67 57 1 . 26 31 . 157 . 41 Missed 226 | . 9 2 30 10 18 2 20 21 16 1 . 10 15 . 45 . 27 Damage Taken 7923 | . 466 162 869 724 1022 67 1113 755 777 . . 328 179 . 1343 . 118 Core 1124 | . 32 12 63 54 116 14 170 97 76 . . 134 70 . 265 . 21 Absorbed by Shields 25 | . . . . . 25 . . . . . . . . . . . . Regen/Repaired (Parts) 743 | . 171 . 98 . . . . 310 . . . 164 . . . . . Core Remaining (%) 65 | 100 . 82 . . . 38 . . 37 . . . . 70 . . . Volleys Fired 516 | . 34 8 82 25 56 2 81 68 60 11 13 11 9 . 47 2 7 Largest 3 | . 2 2 3 3 3 1 3 3 3 2 2 1 2 . 3 2 2 Hottest 150 | . 105 90 146 66 69 30 150 150 150 60 60 30 60 . 85 60 60 Shots Fired 1278 | . 65 15 217 54 131 2 230 199 173 22 26 11 18 . 101 4 10 Gun 1210 | . 62 15 194 45 129 . 229 198 173 22 26 . 18 . 89 4 6 Cannon 41 | . . . 20 . . . . . . . . 6 . . 12 . 3 Launcher 26 | . 3 . 3 9 2 2 1 1 . . . 5 . . . . . Special 1 | . . . . . . . . . . . . . . . . . 1 Kinetic 619 | . 7 . 102 45 129 . 116 45 10 22 26 . 18 . 89 4 6 Thermal 237 | . 13 . . . . . 113 90 . . . 6 . . 12 . 3 Explosive 26 | . 3 . 3 9 2 2 1 1 . . . 5 . . . . . Electromagnetic 395 | . 42 15 112 . . . . 63 163 . . . . . . . . Robot Hit Streak 21 | . 7 14 12 5 21 . 14 17 14 3 6 3 6 . 10 5 8 Robot Miss Streak 6 | . 3 1 6 3 5 . 4 5 5 5 2 2 3 . 4 . 1 Penetration Max 2 | . . . . . 1 . 1 1 . 2 1 . 1 . 2 . . Secondary Targets 18 | . 2 1 3 1 . . 3 2 3 . 1 . . . 2 . . Max Gunslinging Chain 1 | . 1 1 1 1 . . 1 1 1 . 1 . . . 1 . . Shots Hit Robots 889 | . 49 15 132 35 112 . 164 135 94 10 23 19 12 . 79 3 7 Core Hits 454 | . 33 8 72 21 44 3 63 74 72 4 9 7 7 . 32 3 2 Critical Kills 30 | . . . . . 5 . 2 1 1 2 6 . 4 . 8 . 1 Critical Parts Destroyed 41 | . . . 1 . 11 . 2 1 1 4 5 2 3 . 9 . 2 Critical Strikes 98 | . . . 3 . 17 . 15 9 2 6 17 2 7 . 17 . 3 Burn 18 | . . . . . . . 11 7 . . . . . . . . . Destroy 70 | . . . 1 . 16 . 3 1 2 5 16 . 7 . 16 . 3 Corrupt 2 | . . . 2 . . . . . . . . . . . . . . Smash 7 | . . . . . . . 1 1 . 1 1 2 . . 1 . . Sever 1 | . . . . . 1 . . . . . . . . . . . . Melee Attacks 125 | . . . . 3 26 . 7 14 7 2 3 20 12 . 30 . 1 Impact 96 | . . . . . . . 7 14 7 2 3 20 12 . 30 . 1 Slashing 23 | . . . . . 23 . . . . . . . . . . . . Piercing . | . . . . . . . . . . . . . . . . . . Sneak Attacks 24 | . . . . 3 3 . 1 2 . 2 3 7 . . 3 . . Combat Hostiles . | . . . . . . . . . . . . . . . . . . Follow-up Attacks . | . . . . . . . . . . . . . . . . . . Damage Inflicted 23445 | . 1181 388 2734 1084 2565 115 3680 3443 2781 379 799 1347 317 . 2462 54 116 Guns 15011 | . 820 283 1877 386 1464 . 3149 2851 1985 159 565 . 254 . 1104 54 60 Cannons 784 | . . . 369 . . . . . . . . 115 . . 244 . 56 Explosions 3494 | . 355 97 465 661 173 109 193 375 796 . . 270 . . . . . Melee 4062 | . . . . . 928 . 331 210 . 220 234 962 63 . 1114 . . Ramming 94 | . 6 8 23 37 . 6 7 7 . . . . . . . . . Kinetic 7417 | . 88 . 858 386 1464 . 1595 792 38 159 565 . 254 . 1104 54 60 Thermal 4823 | . 226 97 172 135 . . 1554 1428 796 . . 115 . . 244 . 56 Explosive 1932 | . 219 . 293 526 173 109 193 149 . . . 270 . . . . . Electromagnetic 5117 | . 642 283 1388 . . . . 857 1947 . . . . . . . . Impact 3134 | . . . . . . . 331 210 . 220 234 962 63 . 1114 . . Slashing 928 | . . . . . 928 . . . . . . . . . . . . Piercing . | . . . . . . . . . . . . . . . . . . Highest Corruption 23 | . . 12 14 14 23 23 . 1 12 . . . . . 1 . . Average Corruption 11 | . . 9 13 14 19 23 . 1 1 . . . . . 1 . . Corruption Purged 1 | . . . . . . . . . . . . . . . 1 . . Corruption Blocked . | . . . . . . . . . . . . . . . . . . Effects 171 | . . 10 22 35 78 11 . 4 10 . . . . . 1 . . Message Errors 40 | . . 1 4 6 21 5 . 1 2 . . . . . . . . Matter Fused 40 | . . 6 6 8 14 2 . 2 2 . . . . . . . . Heat Flow Errors 23 | . . . 4 8 8 1 . . 2 . . . . . . . . Energy Discharges 16 | . . 1 3 4 6 1 . . 1 . . . . . . . . Parts Fused 1 | . . . . . 1 . . . . . . . . . . . . Data Loss (minor) 17 | . . 1 1 1 10 1 . 1 2 . . . . . . . . Data Loss (major) 11 | . . . 1 4 4 1 . . . . . . . . 1 . . Misfires 6 | . . . 1 . 4 . . . 1 . . . . . . . . Alerts 6 | . . 1 1 1 3 . . . . . . . . . . . . Weapon Failures 11 | . . . 1 3 7 . . . . . . . . . . . . Overload Shots . | . . . . . . . . . . . . . . . . . . Overflow Damage 1240 | . . . 26 9 6 . 88 175 17 148 167 460 . . 144 . . Projectiles 47 | . . . 26 . . . . . . . 13 8 . . . . . Explosions 49 | . . . . 9 . . . . 17 . . 23 . . . . . Melee 1144 | . . . . . 6 . 88 175 . 148 154 429 . . 144 . . Knockbacks 8 | . . . 1 . . . 2 . . . 2 2 . . 1 . . Impact 7 | . . . 1 . . . 2 . . . 1 2 . . 1 . . Kinetic . | . . . . . . . . . . . . . . . . . . Secondary 1 | . . . . . . . . . . . 1 . . . . . . Self-Inflicted Damage 516 | . 32 45 . 186 . 25 . 108 120 . . . . . . . . Shots 15 | . 1 1 . 5 . 1 . 3 4 . . . . . . . . Rammed 14 | . 2 2 3 4 . 1 1 1 . . . . . . . . . Targets Rammed 19 | . 4 3 3 6 . 1 1 1 . . . . . . . . . Kicked . | . . . . . . . . . . . . . . . . . . Crushed 5 | . 2 1 . 2 . . . . . . . . . . . . . Highest Temperature 364 | . 192 255 253 313 281 161 364 204 242 . 2 . 9 . 138 . 12 Average Temperature 72 | . 70 106 56 87 63 81 88 68 70 . 2 . 3 . 61 . 5 Received Heat Transfer 2129 | . 171 63 300 57 14 9 414 279 234 . . 108 84 . 354 . 42 Siege Activations . | . . . . . . . . . . . . . . . . . . Robots Corrupted 6 | . 1 1 1 . . . . 1 2 . . . . . . . . Combat Hostiles 6 | . 1 1 1 . . . . 1 2 . . . . . . . . Parts Fried 46 | . 2 2 9 . . . . 6 11 1 5 6 . . 4 . . Impact Corruptions 33 | . . . . . . . 2 3 . 3 4 14 . . 7 . . Robots Melted 1 | . . . . . . . 1 . . . . . . . . . . Combat Hostiles 1 | . . . . . . . 1 . . . . . . . . . . Parts Melted 9 | . . . . . . . 7 2 . . . . . . . . . Heat Transferred 8803 | . 411 100 250 150 . . 3663 2901 773 . . 148 . . 333 . 74 Parts Sabotaged . | . . . . . . . . . . . . . . . . . . Parts Stolen . | . . . . . . . . . . . . . . . . . . Parts Stripped . | . . . . . . . . . . . . . . . . . . Power Chain Reactions 17 | . 3 1 3 . . . . 3 7 . . . . . . . . Missiles Intercepted . | . . . . . . . . . . . . . . . . . . Alert | -11 -10 -10 -9 -9 -9 -8 -8 -8 -8 -7 -7 -7 -7 -7 -6 -6 -6 ------- Run | Yrd Mat Min Mat Min Exi Min Mat Sto Gar Fac Was Fac Low Low Fac Was Fac Peak Influence 1952 | . 317 109 649 434 . 103 555 1006 1952 1065 372 767 . . 535 187 271 Initial 1024 | . . 44 3 168 . . 39 234 631 1024 372 260 . . 181 187 130 Average 420 | . 117 32 339 313 . 96 223 645 1271 1042 372 555 . . 336 187 196 Maximum Alert Level 5 | . 1 . 2 2 . . 2 3 5 3 1 3 . . 2 . 1 Low Security (%) 34 | 100 84 100 21 6 . 100 54 . . . . . . . 9 100 24 Level 1 26 | . 15 . 38 74 . . 26 4 . . 100 11 . . 69 . 75 Level 2 24 | . . . 40 19 . . 19 73 6 . . 64 . . 21 . . Level 3 8 | . . . . . . . . 22 29 100 . 23 . . . . . Level 4 4 | . . . . . . . . . 36 . . . . . . . . Level 5 3 | . . . . . . . . . 27 . . . . . . . . High Security . | . . . . . . . . . . . . . . . . . . Max Security . | . . . . . . . . . . . . . . . . . . Squads Dispatched 25 | . 3 . 3 . . . 5 5 . 1 . 4 . . 3 . 1 Investigation 16 | . 3 . 3 . . . 2 3 . . . 3 . . 1 . 1 Extermination . | . . . . . . . . . . . . . . . . . . Reinforcement 5 | . . . . . . . 3 . . 1 . . . . 1 . . Assault 3 | . . . . . . . . 1 . . . 1 . . 1 . . Garrison 1 | . . . . . . . . 1 . . . . . . . . . Intercept . | . . . . . . . . . . . . . . . . . . Searches Triggered . | . . . . . . . . . . . . . . . . . . Construction Impeded . | . . . . . . . . . . . . . . . . . . Haulers Reinforced 2 | . . . . . . . . . . 1 . . . . 1 . . Active Scanning Responses . | . . . . . . . . . . . . . . . . . . Cargo Convoy Interrupts . | . . . . . . . . . . . . . . . . . . Stealth | -11 -10 -10 -9 -9 -9 -8 -8 -8 -8 -7 -7 -7 -7 -7 -6 -6 -6 --------- Run | Yrd Mat Min Mat Min Exi Min Mat Sto Gar Fac Was Fac Low Low Fac Was Fac Distress Signals 13 | . 1 . 3 . . . 6 2 . 1 . . . . . . . Communications Jammed 5 | . . . . . . . 5 . . . . . . . . . . Distress Signals 5 | . . . . . . . 5 . . . . . . . . . . Times Spotted 289 | . 21 4 49 13 19 6 41 35 33 4 5 17 6 . 24 . 12 Peak Tracking Total 9 | . 5 2 7 3 9 3 4 6 4 3 5 5 5 . 6 . 5 Tactical Retreats 29 | . 2 . 4 1 3 . 1 2 5 . . 2 2 . 3 . 4 Traps | -11 -10 -10 -9 -9 -9 -8 -8 -8 -8 -7 -7 -7 -7 -7 -6 -6 -6 ------- Run | Yrd Mat Min Mat Min Exi Min Mat Sto Gar Fac Was Fac Low Low Fac Was Fac Traps Triggered 12 | . 2 . 2 . . . 1 . 4 1 . 1 . . 1 . . Indirectly . | . . . . . . . . . . . . . . . . . . Trap Hack Attempts . | . . . . . . . . . . . . . . . . . . Triggered . | . . . . . . . . . . . . . . . . . . Disarmed . | . . . . . . . . . . . . . . . . . . Reprogrammed 15 | . . . 6 . . . . 9 . . . . . . . . . Reused 3 | . . . . . 1 . . 2 . . . . . . . . . Traps Extracted 4 | . . . 4 . . . . . . . . . . . . . . Installed 4 | . . . . . 4 . . . . . . . . . . . . Triggered 2 | . . . . . . . . 2 . . . . . . . . . Most Traps Carried 4 | . . . 4 4 4 . . . . . . . . . . . . Machines | -11 -10 -10 -9 -9 -9 -8 -8 -8 -8 -7 -7 -7 -7 -7 -6 -6 -6 ---------- Run | Yrd Mat Min Mat Min Exi Min Mat Sto Gar Fac Was Fac Low Low Fac Was Fac Machines Disabled 45 | . 1 . 4 1 14 1 3 8 6 . . 4 . . 3 . . Max in Single Turn 3 | . 1 . 3 1 2 1 1 2 2 . . . . . 1 . . Garrison Access 2 | . . . . . . . . . . . . . . . 1 . 1 Garrison Relay 3 | . . . . . . . . . 3 . . . . . . . . Phase Generator 1 | . . . . . . . . . 1 . . . . . . . . Machines Repaired . | . . . . . . . . . . . . . . . . . . Machines Dismantled . | . . . . . . . . . . . . . . . . . . Machines Sabotaged . | . . . . . . . . . . . . . . . . . . Overloaded Fab Kills . | . . . . . . . . . . . . . . . . . . Hacking | -11 -10 -10 -9 -9 -9 -8 -8 -8 -8 -7 -7 -7 -7 -7 -6 -6 -6 --------- Run | Yrd Mat Min Mat Min Exi Min Mat Sto Gar Fac Was Fac Low Low Fac Was Fac Machines Accessed 66 | . 10 . 12 . 2 . 8 16 3 . . 6 . . 6 . 3 Terminals 43 | . 7 . 8 . . . 4 13 3 . . 3 . . 3 . 2 Fabricators 1 | . . . . . . . . . . . . 1 . . . . . Repair Stations 8 | . 1 . 2 . . . 1 2 . . . 2 . . . . . Recycling Units 4 | . 2 . 1 . . . . . . . . . . . 1 . . Scanalyzers 4 | . . . 1 . . . 2 . . . . . . . 1 . . Garrison Access 4 | . . . . . . . 1 1 . . . . . . 1 . 1 Total Hacks 237 | . 36 . 39 . 24 . 31 52 7 . . 21 . . 18 . 9 Successful 135 | . 17 . 23 . 24 . 16 33 2 . . 11 . . 6 . 3 Failed 102 | . 19 . 16 . . . 15 19 5 . . 10 . . 12 . 6 Catastrophic 20 | . 3 . 2 . . . 2 3 1 . . 3 . . 5 . 1 Database Lockouts . | . . . . . . . . . . . . . . . . . . Manual 85 | . 16 . 19 . 1 . 2 27 . . . 8 . . 10 . 2 Terminals 142 | . 24 . 32 . . . 9 41 7 . . 10 . . 11 . 8 Fabricators 3 | . . . . . . . . . . . . 3 . . . . . Repair Stations 26 | . 4 . 3 . . . 5 6 . . . 8 . . . . . Recycling Units 13 | . 8 . 2 . . . . . . . . . . . 3 . . Scanalyzers 17 | . . . 2 . . . 13 . . . . . . . 2 . . Garrison Access 12 | . . . . . . . 4 5 . . . . . . 2 . 1 Terminal Hacks 71 | . 5 . 16 . 24 . 4 14 2 . . 2 . . 3 . 1 Record 23 | . . . . . 23 . . . . . . . . . . . . Part Schematic 3 | . . . . . . . . 1 . . . . . . 2 . . Robot Analysis 4 | . 2 . 1 . . . . 1 . . . . . . . . . Prototype ID Bank 1 | . 1 . . . . . . . . . . . . . . . . Open Door 6 | . . . . . . . . 5 1 . . . . . . . . Branch Access Points 3 | . . . 1 . . . . . . . . 1 . . 1 . . Terminal Index 1 | . . . . . . . . 1 . . . . . . . . . Recycling Unit Index 1 | . 1 . . . . . . . . . . . . . . . . Unreport Threat 2 | . . . 2 . . . . . . . . . . . . . . Locate Traps 9 | . . . 7 . . . 1 1 . . . . . . . . . Reprogram Traps 3 | . . . 1 . . . . 2 . . . . . . . . . Hauler Manifests 8 | . 1 . 3 . . . 2 . . . . 1 . . . . 1 Registered Prototypes 1 | . . . . . . . . 1 . . . . . . . . . Zone Layout 4 | . . . 1 . . . 1 2 . . . . . . . . . Garrison Registry 1 | . . . . . . . . . 1 . . . . . . . . Derelict Proto ID Bank 1 | . . . . . 1 . . . . . . . . . . . . Fabricator Hacks . | . . . . . . . . . . . . . . . . . . Repair Station Hacks 21 | . 4 . 2 . . . 2 6 . . . 7 . . . . . Scan Component 12 | . 2 . 1 . . . 2 3 . . . 4 . . . . . Repair 9 | . 2 . 1 . . . . 3 . . . 3 . . . . . Recycling Unit Hacks 1 | . 1 . . . . . . . . . . . . . . . . Retrieve Components 1 | . 1 . . . . . . . . . . . . . . . . Scanalyzer 10 | . . . . . . . 10 . . . . . . . . . . Insert Component 5 | . . . . . . . 5 . . . . . . . . . . Analyze 5 | . . . . . . . 5 . . . . . . . . . . Garrison Access Hacks 4 | . . . . . . . . 1 . . . . . . 2 . 1 Unlock Access 1 | . . . . . . . . 1 . . . . . . . . . Seal Access 2 | . . . . . . . . . . . . . . . 1 . 1 Coupler Status 1 | . . . . . . . . . . . . . . . 1 . . Unauthorized Hacks 28 | . 7 . 5 . . . . 12 . . . 2 . . 1 . 1 Terminals 20 | . 5 . 2 . . . . 9 . . . 2 . . 1 . 1 Track 2 | . . . . . . . . 2 . . . . . . . . . Assimilate 2 | . 1 . . . . . . . . . . 1 . . . . . Botnet 12 | . 2 . 2 . . . . 5 . . . 1 . . 1 . 1 Operators 3 | . 1 . . . . . . 2 . . . . . . . . . Sabotage 1 | . 1 . . . . . . . . . . . . . . . . Fabricators . | . . . . . . . . . . . . . . . . . . Repair Stations . | . . . . . . . . . . . . . . . . . . Recycling Units 4 | . 2 . 2 . . . . . . . . . . . . . . Monitor 1 | . . . 1 . . . . . . . . . . . . . . Tunnel 3 | . 2 . 1 . . . . . . . . . . . . . . Scanalyzers 1 | . . . 1 . . . . . . . . . . . . . . Extract 1 | . . . 1 . . . . . . . . . . . . . . Garrison Access 3 | . . . . . . . . 3 . . . . . . . . . Restock 1 | . . . . . . . . 1 . . . . . . . . . Reprogram 1 | . . . . . . . . 1 . . . . . . . . . Eject 1 | . . . . . . . . 1 . . . . . . . . . Data Cores Recovered 2 | . 1 . 1 . . . . . . . . . . . . . . Used . | . . . . . . . . . . . . . . . . . . Hacking Detections 55 | . 10 . 11 . . . 8 10 2 . . 6 . . 6 . 2 Full Trace Events 14 | . 2 . . . . . 2 3 2 . . 3 . . 1 . 1 Feedback Events 2 | . . . . . . . . 1 . . . . . . 1 . . Corruption 2 | . . . . . . . . 1 . . . . . . 1 . . Feedback Blocked . | . . . . . . . . . . . . . . . . . . Robot Schematics Acquired . | . . . . . . . . . . . . . . . . . . Robots Built . | . . . . . . . . . . . . . . . . . . Authchips . | . . . . . . . . . . . . . . . . . . Time . | . . . . . . . . . . . . . . . . . . Total Robot Build Rating . | . . . . . . . . . . . . . . . . . . Part Schematics Acquired 10 | . . . 2 . . . 5 1 . . . . . . 2 . . Parts Built . | . . . . . . . . . . . . . . . . . . Authchips . | . . . . . . . . . . . . . . . . . . Time . | . . . . . . . . . . . . . . . . . . Total Part Build Rating . | . . . . . . . . . . . . . . . . . . Parts Repaired 8 | . 2 . 1 . . . . 2 . . . 3 . . . . . Time 425 | . 77 . 26 . . . . 136 . . . 186 . . . . . Parts Recycled . | . . . . . . . . . . . . . . . . . . Recycled Matter . | . . . . . . . . . . . . . . . . . . Retrieved Matter . | . . . . . . . . . . . . . . . . . . Retrieved Components . | . . . . . . . . . . . . . . . . . . Parts Scanalyzed 5 | . . . . . . . 5 . . . . . . . . . . Part Schematics Acquired 5 | . . . . . . . 5 . . . . . . . . . . Parts Damaged 1 | . . . . . . . 1 . . . . . . . . . . Bothacking | -11 -10 -10 -9 -9 -9 -8 -8 -8 -8 -7 -7 -7 -7 -7 -6 -6 -6 ------------ Run | Yrd Mat Min Mat Min Exi Min Mat Sto Gar Fac Was Fac Low Low Fac Was Fac Used RIF Installer 1 | . . . . . . . . . 1 . . . . . . . . Robots Hacked 6 | . . . . 2 3 . . . . . . . . . . . 1 Non-combat 5 | . . . . 1 3 . . . . . . . . . . . 1 Combat 1 | . . . . 1 . . . . . . . . . . . . . Robot Hacks Applied 7 | . . . . 3 3 . . . . . . . . . . . 1 parse_system 6 | . . . . 3 3 . . . . . . . . . . . . find_fabricator 1 | . . . . . . . . . . . . . . . . . 1 Relay Couplers Released 15 | . . . . . . . . 3 12 . . . . . . . . Ejected 3 | . . . . . . . . 3 . . . . . . . . . Machine Destruction 12 | . . . . . . . . . 12 . . . . . . . . Fabnet Peak Effective % . | . . . . . . . . . . . . . . . . . . Robots Rewired 4 | . . . . . . . . . 4 . . . . . . . . Allies Hacked . | . . . . . . . . . . . . . . . . . . Hacks Repelled . | . . . . . . . . . . . . . . . . . . Allies | -11 -10 -10 -9 -9 -9 -8 -8 -8 -8 -7 -7 -7 -7 -7 -6 -6 -6 -------- Run | Yrd Mat Min Mat Min Exi Min Mat Sto Gar Fac Was Fac Low Low Fac Was Fac Total Allies 26 | . 1 . . 1 . . . . 4 . 19 1 . . . . . Largest Group 19 | . 1 . . 1 . . . . 4 . 19 17 2 . . . . Highest-Rated Group 475 | . 10 . . 31 . . . . 126 . 475 405 60 . . . . Highest-Rated Ally 39 | . 10 . . 31 . . . . 39 . 35 31 31 . . . . Total Orders . | . . . . . . . . . . . . . . . . . . Ally Attacks 196 | . . . . 2 . . . . 50 . . 140 4 . . . . Total Damage 3472 | . . . . 43 . . . . 900 . . 2468 61 . . . . Kills 26 | . . . . . . . . . 8 . . 18 . . . . . Allies Corrupted 5 | . . . . . . . . . . . 2 3 . . . . . Allies Melted 1 | . . . . . . . . . 1 . . . . . . . . Intel | -11 -10 -10 -9 -9 -9 -8 -8 -8 -8 -7 -7 -7 -7 -7 -6 -6 -6 ------- Run | Yrd Mat Min Mat Min Exi Min Mat Sto Gar Fac Was Fac Low Low Fac Was Fac Robot Analysis Total 4 | . 2 . 1 . . . . 1 . . . . . . . . . Derelict Logs Recovered 4 | . . 2 . 1 . . . . . . . . 1 . . . . Drone Launches . | . . . . . . . . . . . . . . . . . . Drone Recoveries . | . . . . . . . . . . . . . . . . . . Exploration | -11 -10 -10 -9 -9 -9 -8 -8 -8 -8 -7 -7 -7 -7 -7 -6 -6 -6 ------------- Run | Yrd Mat Min Mat Min Exi Min Mat Sto Gar Fac Was Fac Low Low Fac Was Fac Turns Passed 14961 | 69 1599 1142 1872 830 1660 228 1401 1617 1430 148 364 701 527 20 737 147 469 Spaces Moved 8493 | 40 645 453 930 468 901 144 625 709 535 119 337 669 622 29 645 207 415 Core 4 | 4 . . . . . . . . . . . . . . . . . Treads 5316 | 36 645 453 930 468 901 144 625 644 470 . . . . . . . . Legs . | . . . . . . . . . . . . . . . . . . Wheels 65 | . . . . . . . . 65 . . . . . . . . . Hover 3108 | . . . . . . . . . 65 119 337 669 622 29 645 207 415 Flight . | . . . . . . . . . . . . . . . . . . Fastest Speed 50 | 50 160 240 155 155 150 150 150 155 144 68 68 68 68 68 65 56 56 Average Speed 135 | 149 211 240 157 155 150 150 157 158 210 69 68 68 68 68 65 60 58 Slowest Speed 450 | 160 240 320 240 160 230 150 235 240 450 138 68 141 138 68 138 65 131 Overloaded Moves . | . . . . . . . . . . . . . . . . . . Propulsion Burnouts . | . . . . . . . . . . . . . . . . . . Robots Hopped . | . . . . . . . . . . . . . . . . . . Cave-ins Triggered . | . . . . . . . . . . . . . . . . . . Time Travels 1 | . . . . . 1 . . . . . . . . . . . . Exploration Rate (%) 58 | 6 96 98 92 98 89 34 48 93 72 4 95 24 76 7 18 86 9 Regions Visited 17 Branch Regions 7 Pre-discovered Areas 5 | . 2 1 1 . 1 . . . . . . . . . . . . Known Exits Taken 3 | . . . 1 . . . . 1 . . . 1 . . . . . Unknown Exits Taken 9 | 1 1 1 . 1 1 1 1 . . . . . 1 1 . . . Scrap Searched 13 | . . 1 . 1 . 1 . . . . . . 10 . . . . Spaces Dug 48 | . . . . . 6 . . 18 5 . . 2 10 . 6 . 1 Terrain Destroyed 414 | . 30 10 42 84 16 21 12 56 83 1 . 38 11 . 7 1 2 Melee 31 | . . . . . . . . 7 5 . . 2 10 . 6 . 1 Projectile 7 | . . . . . 2 . . . . 1 . . 1 . 1 1 1 AOE 376 | . 30 10 42 84 14 21 12 49 78 . . 36 . . . . . Terrain Rammed . | . . . . . . . . . . . . . . . . . . Walls Destroyed . | . . . . . . . . . . . . . . . . . . Machines Disabled . | . . . . . . . . . . . . . . . . . . Actions | -11 -10 -10 -9 -9 -9 -8 -8 -8 -8 -7 -7 -7 -7 -7 -6 -6 -6 --------- Run | Yrd Mat Min Mat Min Exi Min Mat Sto Gar Fac Was Fac Low Low Fac Was Fac Total 10735 | 47 816 485 1183 519 1066 153 857 1033 699 161 440 869 692 28 835 224 628 Wait 1004 | . 98 9 79 4 17 5 82 173 38 12 80 146 19 . 51 1 190 Move 8478 | 39 644 452 929 467 900 143 624 709 533 119 336 668 621 28 645 206 415 Hop . | . . . . . . . . . . . . . . . . . . Pick Up 135 | 2 16 4 29 1 21 . 15 11 4 5 2 5 7 . 11 1 1 Fast Attach 58 | 6 5 3 7 1 2 . 4 11 6 . . 2 3 . 5 2 1 Attach 51 | . 2 . 8 1 10 . 6 2 2 4 . 3 4 . 6 3 . Detach 21 | . 1 . 3 2 1 . . . 1 1 . 2 2 . 5 3 . Swap 147 | . 4 5 11 6 10 2 18 20 14 4 4 5 6 . 24 4 10 Drop 153 | . 8 1 32 3 19 . 19 24 10 3 2 7 9 . 11 2 3 Fire 516 | . 34 8 82 25 56 2 81 68 60 11 13 11 9 . 47 2 7 Melee 125 | . . . . 3 26 . 7 14 7 2 3 20 12 . 30 . 1 Ram . | . . . . . . . . . . . . . . . . . . Kick . | . . . . . . . . . . . . . . . . . . Crush 19 | . 4 3 3 6 . 1 1 1 . . . . . . . . . Escape Stasis 6 | . . . . . . . . . 6 . . . . . . . . Rewire 18 | . . . . . . . . . 18 . . . . . . . . Trap 4 | . . . . . 4 . . . . . . . . . . . . Miscellaneous . | . . . . . . . . . . . . . . . . . . Route ------- -11/Scrapyard -10/Materials (discovered 4 exits: *Mat x3 / [*Min]) -10/Mines (discovered 2 exits: *Mat x2) -9/Materials (discovered 3 exits: *Mat x2 / *Min) -9/Mines (discovered 4 exits: *Mat x2 / *Exi / [*Zio]) -9/Exiles -8/Mines -8/Materials (discovered 2 exits: Fac / *Sto) -8/Storage (discovered 2 exits: *Fac / Gar) -8/Garrison (discovered 3 exits: *Fac x3) -7/Factory -7/Waste -7/Factory (discovered 3 exits: *Fac / *Low x2) -7/Lower Caves -7/Lower Caves -6/Factory (discovered 3 exits: Fac / Low x2) -6/Waste -6/Factory History --------- Turn | Location | Event 8 | -11/Scrapyard | Discovered new exit (range 15) 70 | -11/Scrapyard | Entered Materials 326 | -10/Materials | Build established: Mutant 367 | -10/Materials | Discovered new exit (range 16) 473 | -10/Materials | Discovered new exit (range 12) 684 | -10/Materials | Discovered new exit (range 15) 981 | -10/Materials | Discovered new exit (range 6) 1177 | -10/Materials | Repaired Lgt. Treads 1229 | -10/Materials | Repaired Imp. EM Shotgun 1669 | -10/Materials | Entered Mines 1711 | -10/Mines | A weapon hastily lodged in a ceiling crevice suddenly fell to the ground 1806 | -10/Mines | Learned 2 Materials zone layouts 2257 | -10/Mines | Discovered new exit (range 13) 2413 | -10/Mines | Discovered new exit (range 9) 2798 | -10/Mines | System corruption reached 10% 2811 | -10/Mines | Entered Materials 2811 | -9/Materials | Evolved 2 slots: Propulsion x1, Weapon x1 2973 | -9/Materials | Identified exit to Mines 3159 | -9/Materials | Build established: Gunner 3395 | -9/Materials | Discovered new exit (range 9) 3463 | -9/Materials | Repaired Lgt. Treads 3702 | -9/Materials | Lost 4 parts (2n2w) 4168 | -9/Materials | Build established: Scavenger-Skirmisher 4214 | -9/Materials | System corruption reached 10% 4305 | -9/Materials | Discovered new exit (range 5) 4683 | -9/Materials | Entered Mines 4780 | -9/Mines | Discovered new exit (range 6) 4967 | -9/Mines | Received a Mining Laser from a helpful Derelict 4970 | -9/Mines | Assembled infested the area 5026 | -9/Mines | Met 8R-AWN 5127 | -9/Mines | Discovered new exit (range 10) 5139 | -9/Mines | A Derelict revealed a hidden shortcut to a safe place 5318 | -9/Mines | Build established: Mutant 5506 | -9/Mines | Discovered new exit (range 5) 5513 | -9/Mines | Entered Exiles 5564 | -9/Exiles | Welcomed by 8R-AWN 5588 | -9/Exiles | Met EX-HEX 5649 | -9/Exiles | Met EX-DEC 5688 | -9/Exiles | Learned location of Zion (-7) 5740 | -9/Exiles | Discovered new exit (range 11) 5847 | -9/Exiles | Met EX-BIN 5872 | -9/Exiles | Aligned with FarCom system 5873 | -9/Exiles | Given EX-Vault access code 5874 | -9/Exiles | Build established: Trapper-Mutant 5908 | -9/Exiles | Opened EX-Vault 5915 | -9/Exiles | Found Chronowheel 5919 | -9/Exiles | Found Cloak of Protection 5953 | -9/Exiles | Warned to stay clear of 0b10 Research branches 6093 | -9/Exiles | Warned about trapping Exiles lab 6095 | -9/Exiles | Attacked by the Exiles 6168 | -9/Exiles | Destroyed 7 combat bots 6239 | -9/Exiles | Core integrity fell below 50% 6271 | -9/Exiles | Destroyed 8R-AWN 6279 | -9/Exiles | Found 8R-AWN's Boregun 6282 | -9/Exiles | Found 8R-AWN's Boregun 6296 | -9/Exiles | Found AS-neutralizer No. 17b 6534 | -9/Exiles | Destroyed EX-DEC 6549 | -9/Exiles | Build established: Mutant 6579 | -9/Exiles | Destroyed EX-BIN 6598 | -9/Exiles | Destroyed EX-HEX 6620 | -9/Exiles | Found System Purifier 6898 | -9/Exiles | Build established: Gunner 6922 | -9/Exiles | Found Botcube 6927 | -9/Exiles | Activated Chronowheel 6927 | -9/Exiles | Spacetime reconverged on an earlier point 7173 | -9/Exiles | Entered Mines 7395 | -8/Mines | Discovered new exit (range 5) 7401 | -8/Mines | Entered Materials 7401 | -8/Materials | Evolved 2 slots: Utility x2 7402 | -8/Materials | Identified exit to Factory 7408 | -8/Materials | Discovered new exit (range 14) 7691 | -8/Materials | Build established: Scavenger-Gunner 8802 | -8/Materials | Entered Storage 9002 | -8/Storage | Repaired Adv. Beam Rifle 9613 | -8/Storage | Repaired Arm. Treads 9870 | -8/Storage | Discovered exit to Factory (range 16) 10169 | -8/Storage | Garrison activated, responded to threat 10402 | -8/Storage | First assault squad dispatched 10415 | -8/Storage | Identified exit to Garrison 10419 | -8/Storage | Entered Garrison 10508 | -8/Garrison | Triggered checkpoint 10536 | -8/Garrison | Garrison Relay disabled 10654 | -8/Garrison | Triggered checkpoint 10662 | -8/Garrison | Core integrity fell below 50% 10666 | -8/Garrison | Triggered checkpoint 10912 | -8/Garrison | Triggered checkpoint 10941 | -8/Garrison | Garrison Relay disabled 11015 | -8/Garrison | Discovered exit to Factory (range 15) 11268 | -8/Garrison | Triggered checkpoint 11444 | -8/Garrison | Triggered checkpoint 11446 | -8/Garrison | Triggered checkpoint 11578 | -8/Garrison | Garrison Relay disabled 11620 | -8/Garrison | Phase Generator disabled 11623 | -8/Garrison | Discovered exit to Factory (range 8) 11659 | -8/Garrison | Discovered exit to Factory (range 74) 11659 | -8/Garrison | Discovered exit to Factory (range 85) 11659 | -8/Garrison | Discovered exit to Factory (range 10) 11807 | -8/Garrison | Installed Relay Interface Framework 11846 | -8/Garrison | System corruption reached 10% 11849 | -8/Garrison | Entered Factory 11849 | -7/Factory | Evolved 2 slots: Propulsion x2 11997 | -7/Factory | Sucked down chute 11997 | -7/Factory | Entered Waste 12002 | -7/Waste | Spotted C-40 Crusher 12005 | -7/Waste | Destroyed C-40 Crusher 12022 | -7/Waste | Build established: Scavenger-Mutant 12027 | -7/Waste | Spotted C-40 Crusher 12036 | -7/Waste | Spotted C-40 Crusher 12040 | -7/Waste | Spotted C-40 Crusher 12040 | -7/Waste | Destroyed C-40 Crusher 12042 | -7/Waste | Spotted C-40 Crusher 12046 | -7/Waste | Destroyed C-40 Crusher 12046 | -7/Waste | Destroyed C-40 Crusher 12055 | -7/Waste | Destroyed C-40 Crusher 12070 | -7/Waste | Destroyed C-40 Crusher 12085 | -7/Waste | Warlord forces began an assault 12120 | -7/Waste | Discovered new exit (range 13) 12361 | -7/Waste | Entered Factory 12361 | -7/Factory | Accompanied by 17 allies 12424 | -7/Factory | Discovered new exit (range 15) 12535 | -7/Factory | Repaired Broken Adv. Particle Charger 12586 | -7/Factory | Repaired Cmb. Airjet 12737 | -7/Factory | Noticed a derelict Sapper rigging charges 12761 | -7/Factory | First assault squad dispatched 12788 | -7/Factory | Repaired Cmb. Airjet 12882 | -7/Factory | Lost 3 allies 12941 | -7/Factory | Identified exit to Lower Caves 13062 | -7/Factory | Entered Lower Caves 13062 | -7/Lower Caves | Accompanied by 2 allies 13264 | -7/Lower Caves | Spotted B-75 Beast 13423 | -7/Lower Caves | Encountered a Warlord checkpoint 13468 | -7/Lower Caves | Lost 3 allies 13535 | -7/Lower Caves | Learned 4 Factory zone layouts 13552 | -7/Lower Caves | Found Imp. Powered Armor 13581 | -7/Lower Caves | Discovered new exit (range 11) 13589 | -7/Lower Caves | Entered another Lower Caves area 13603 | -7/Lower Caves | Discovered new exit (range 8) 13609 | -7/Lower Caves | Entered Factory 13609 | -6/Factory | Evolved 2 slots: Propulsion x1, Utility x1 13610 | -6/Factory | Identified exit to Factory 14296 | -6/Factory | Identified exit to Lower Caves 14309 | -6/Factory | First assault squad dispatched 14346 | -6/Factory | Manually triggered Chute Trap 14346 | -6/Factory | Sucked down chute 14346 | -6/Factory | Entered Waste 14346 | -6/Waste | The area was eerily silent 14424 | -6/Waste | Discovered new exit (range 13) 14469 | -6/Waste | Found Broken Quantum Capacitor 14493 | -6/Waste | Entered Factory 14777 | -6/Factory | Spotted B-75 Beast 14962 | -6/Factory | Self-destructed Last Messages --------------- 14538_ Y-54 Guardian suffers critical hit (Destroy). 14538_ Y-54 Guardian destroyed. 14538_ HV Slug penetrates Garrison Access. 14538_ HV Slug penetrates Wall. 14544_ Acquired 75 matter. 14545_ Dropped Imp. Hover Unit. 14551_ Dropped Cmb. Airjet. 14551_ Acquired Gravmag Array. 14553_ Dropped Imp. Reaction Control System. 14554_ Acquired Cmb. Airjet. 14582_ W-25 Informer destroyed. 14584_ Acquired 28 matter. 14593_ Connecting with Terminal... 14593_ ALERT: Suspicious activity at Terminal F018. Dispatching Investigation squad. 14845_ Jacked A-15 Conveyor... >>find_fabricator Pinpointed nearest Fabricator: (157,160) (added to intel). 14947_ ALERT: Security rotation in progress. 14960_ Acquired 98 matter. Map ----- +----------------------------------------------------+ | ????????????????????????????????? | | ????????????????????????????????? | | ????????????????????????????????? | | ????????????????????????????????? | | ????????????????????????????????? | | ????????????????????????????????? | | ????????????????????????????????? | | ????????????????????????????????? | | ????????????????????????????????? | | ???????????????????????? ???????? | | ???????????????????????? ???????? | | ???????? ????????????? ???????? | | ?????? ????????????? ???????? | | ?????# ????????????? ???????? | | ?????# ???????????## ###????? | | ?????# ??????????? ! ?????? | | ?????# ??????????? ?????? | | ?????# ???????????? Y ?????? | | ?????# +???????????! ??????? | | ?????# #??????????? ??????? | | ?????# ##########??# #??????? | | ?????# # [ =#??# #???#??? | | ?????# #""" #?## ##? #??? | | ?????# ^^ #""" ### ## #??? | | ?????# #""" + % #??? | | ?????+ + ### @ #??? | | ?????# #""" ###### #??? | | ?????# #""" + #??? | | ?????# #""" ## #??? | | ?????# # !## """ #??? | | ?????# ###+####### """ ###? | | ?????# #?? #????## """ #? | | ?????# #?? #????# #? | | ?????# #?? #????# #? | | ?????# #?? #????# #? | | ?????# ### #????# #? | | ###### ##???# ########? | | ###### T#???# #???????? | | ## #???# #???????? | | !! ## ##?### ###?????? | | != ## #??# #?????? | | ! ####### #### #?????? | | ! ##????# #?????? | | ###???# #?????? | | " ##???# [! #?????? | | " ###???# [! # #?????? | | #######???# [! # #?????? | | ######????# #########?????? | | ??????????# #?????????????? | | ########### #?????????????? | +----------------------------------------------------+ Best States ------------- Heat Dissipation 51 Energy Generation 18 Energy Capacity 310 Matter Stores 300 Matter Capacity 300 Sight Range 16 Terrain Scan Density 10 ECM Strength 2 Jamming Range 16 Armor Coverage 225 Weapon Cycling 25 Evasion (%) 62 Armor Integrity Analysis 40 Recoil Reduction 3 Offensive Hacking 10 Defensive Hacking 20 Authchip Count 1 Trap Extractor Capacity 4 Item Schematics ----------------- Autogun | -9/Materials | Extracted Com. Wheel | -9/Materials | Extracted Adv. Weapon Cycler | -8/Materials | Scanalyzed Imp. Armor Integrity Analyzer | -8/Materials | Scanalyzed Adv. Transmission Jammer | -8/Materials | Scanalyzed Adv. Myomer Leg | -8/Materials | Scanalyzed Transport Network Coupler | -8/Materials | Scanalyzed Matter Filter | -8/Storage | Hacked Adv. Sensor Array | -6/Factory | Hacked Adv. Melee Analysis Suite | -6/Factory | Hacked Robot Schematics ------------------ None Fabricated ------------ Nothing Alien Tech Used ----------------- None Achievements -------------- None Challenges ------------ None Game ------ Seed MissileCouplerCoupler Manual? 0 Play Time 02:09:52 Cumulative 480.2 hours Start 2024.01.28 @ 16:54:54 End 2024.01.28 @ 19:08:11 Sessions 1 Manual Loads 0 Difficulty Rogue Special Mode None Game No. 171 Rogue 156 Adventurer 15 Explorer 0 Win Type - Total 30 Types 8/3/8/2/2/0/4/2/1 Lore% 91 Gallery% 93 Achievement% 83 Wizard Run 0 Options --------- ASCII 0 Keyboard 0 Movement Numpad Keybinds 0 Fullscreen 1 Font 18/SmallcapsGlow Map View 76x50 Zoom Use 0% Tactical HUD 1 Map Filters NONE Filters NONE Steam 1 RUN: 03262464-b2ac-407a-92c5-b5184ec9e42f